 Dungeon Crawl Stone Soup version 0.29.0-4-gdea44cf6ec (webtiles) character file.

Game seed: 1406627900316977436

62 qw the Chopper (level 3, 0/31 HPs)
             Began as a Minotaur Fighter on Sept 4, 2022.
             Succumbed to a kobold's poison
             ... on level 3 of the Dungeon.
             The game lasted 00:01:10 (2465 turns).

qw the Chopper (Minotaur Fighter)                   Turns: 2465, Time: 00:01:10

Health: 0/31       AC:  6    Str: 22    XL:     3   Next: 85%
Magic:  2/2        EV:  9    Int:  5    God:
Gold:   139        SH:  4    Dex:  9    Spells: 2/2 levels left

rFire   . . .      SeeInvis +   f - +0 broad axe
rCold   . . .      Faith    .   c - +0 buckler
rNeg    . . .      Spirit   .   b - +0 scale mail
rPois   .          Reflect  .   (helmet restricted)
rElec   .          Harm     .   (no cloak)
rCorr   .          Rampage  .   (no gloves)
Will    .....                   (no boots)
Stlth   ..........              (no amulet)
HPRegen 0.10/turn               e - ring of see invisible
MPRegen 0.08/turn               (no ring)

@: lethally poisoned (0 -> -5)
A: horns 2, retaliatory headbutt
a: no special abilities


You were on level 3 of the Dungeon.
You visited 1 branch of the dungeon, and saw 3 of its levels.

You collected 183 gold pieces.
You spent 44 gold pieces at shops.


Innate Abilities, Weirdness & Mutations

You have a pair of horns on your head.
You reflexively headbutt those who attack you in melee.


   Skills:
 - Level 3.6 Fighting
 - Level 5.0 Axes
 - Level 3.6 Armour
 + Level 0.8 Dodging
 - Level 3.6 Shields


You had 2 spell levels left.
You didn't know any spells.
Your spell library was empty.

Inventory:

Hand Weapons
 f - a +0 broad axe (weapon)
 g - a +0 flail
Armour
 b - a +0 scale mail (worn)
 c - a +0 buckler (worn)
Jewellery
 e - a ring of see invisible (left hand)
Scrolls
 h - a scroll of torment {unknown}
 j - 2 scrolls of identify
Potions
 a - a potion of haste
 d - a potion of might
 i - a potion of cancellation
 l - a potion of heal wounds

Dungeon Overview and Level Annotations

Branches:
Dungeon (3/15)

Altars:
Okawaru

Shops:
D:3 (


Message History

You block the rat's attack.
You barely miss the rat. You headbutt the rat.
You kill the rat!
h - a scroll labelled EGHITO ZAMA
Enter note:
Found a stone staircase leading down.
A kobold is nearby!
The kobold shouts!
You see here a +2 dagger of flaming.
The kobold throws a poisoned dart.
The poisoned dart hits you.
You are poisoned.
You feel sick.
The kobold throws a poisoned dart.
The poisoned dart hits you!
You are more poisoned.
You feel sick.
The kobold throws a poisoned dart.
The poisoned dart hits you.
You are more poisoned.
2457 ||| FLEEEEING.
You feel very sick.
The kobold throws a poisoned dart.
The poisoned dart hits you!
You are more poisoned.
2458 ||| FLEEEEING.
You feel very sick.
The kobold throws a poisoned dart.
The poisoned dart hits you!
You are lethally poisoned!
2459 ||| FLEEEEING.
You feel very sick.
You feel very sick.
2461 ||| FLEEEEING.
You feel very sick.
The kobold throws a poisoned dart.
You block the poisoned dart.
2462 ||| FLEEEEING.
You feel very sick.
2463 ||| FLEEEEING.
You feel sick.
Things that are here:
a +0 club; 5 stones; a kobold corpse
2464 ||| FLEEEEING.
You feel sick.
The kobold throws a poisoned dart.
The poisoned dart barely misses you.
2465 ||| FLEEEEING.
You die...

.....# #..# .#<..# #.##
...### #.# #### #.# .# #.# .#
#######.#### ############
...........# #.......\...
.####.###..#######.####.###..
#. #...@................ . #
#..###)#############. ..
.....# #..#...#P ...#.. ..
##.######..#.#.#.#.#.#..
###.####...........P.P... #
>.......#..#.#.#.#.#.#..
.##.##.###.K#... ...#..
....#.###..#.#.#.#.#.#.. #
#.......)...P.....P...!


There were no monsters in sight!

Vanquished Creatures
  An adder (D:2)
  2 dart slugs (D:1)
  3 orcs (D:3)
  5 ball pythons
  4 bats
  3 endoplasms
  A giant cockroach (D:1)
  5 goblins
  3 hobgoblins
  8 kobolds
  3 quokkas
  2 frilled lizards
  3 rats
43 creatures vanquished.

Vanquished Creatures (others)
  5 fungi (D:3)
  2 plants (D:3)
7 creatures vanquished.

Grand Total: 50 creatures vanquished

Notes
Turn   | Place    | Note
-------+----------+-------------------------------------------
     0 | D:1      | qw the Minotaur Fighter began the quest for the Orb.
     0 | D:1      | Reached XP level 1. HP: 19/19 MP: 0/0
     0 | D:1      | 0 ||| qw: Version: 0.1-a-103-gd6f5d3a
     0 | D:1      | 0 ||| qw: Game counter: 5406
     0 | D:1      | 0 ||| qw: Always use a shield: true
     0 | D:1      | 0 ||| qw: God list: Ru
     0 | D:1      | 0 ||| qw: Allow faded altars: false
     0 | D:1      | 0 ||| qw: Do Orc after D:15 true
     0 | D:1      | 0 ||| qw: Do second Lair branch before Depths: true
     0 | D:1      | 0 ||| qw: Lair rune preference: random
     0 | D:1      | 0 ||| qw: Plans: Normal
     0 | D:1      | 0 ||| PLANNING D:1-11
    73 | D:1      | 73 ||| Stepping ~*~*~tactically~*~*~ (hiding).
    81 | D:1      | Reached skill level 3 in Axes
   208 | D:1      | Reached XP level 2. HP: 26/26 MP: 1/1
   298 | D:1      | 298 ||| Stepping ~*~*~tactically~*~*~ (stealth).
   579 | D:1      | Reached skill level 4 in Axes
   978 | D:1      | 978 ||| READING 2 scrolls labelled GODUT YSTRUZAL.
   979 | D:1      | 979 ||| READING scroll labelled WERAPP ZUYNUPH.
   980 | D:1      | 980 ||| READING scroll labelled XONYOP TUPRYWN.
   981 | D:1      | 981 ||| READING 3 scrolls labelled SAJATI NUDEE.
   982 | D:1      | 982 ||| READING scroll labelled SOEK ECVUBY.
   982 | D:1      | Identified a scroll of acquirement
   982 | D:1      | 982 ||| ACQUIRING ring of see invisible
   982 | D:1      | Acquired a ring of see invisible
   984 | D:1      | 984 ||| UPGRADING to ring of see invisible.
   985 | D:1      | 985 ||| READING 2 scrolls of identify.
   985 | D:1      | 985 ||| IDENTIFYING viscous grey potion
   986 | D:1      | 986 ||| DROPPING scroll of fear.
  1010 | D:2      | Reached XP level 3. HP: 31/31 MP: 2/2
  1294 | D:2      | 1294 ||| DROPPING +0 club.
  1446 | D:2      | 1446 ||| FLEEEEING.
  1447 | D:2      | 1447 ||| FLEEEEING.
  1448 | D:2      | 1448 ||| FLEEEEING.
  1449 | D:2      | 1449 ||| FLEEEEING.
  1451 | D:2      | 1451 ||| FLEEEEING.
  1452 | D:2      | 1452 ||| FLEEEEING.
  1454 | D:2      | 1454 ||| FLEEEEING.
  1455 | D:2      | 1455 ||| FLEEEEING.
  1456 | D:2      | 1456 ||| FLEEEEING.
  1458 | D:2      | 1458 ||| FLEEEEING.
  1459 | D:2      | 1459 ||| FLEEEEING.
  1460 | D:2      | 1460 ||| FLEEEEING.
  1461 | D:2      | 1461 ||| FLEEEEING.
  1462 | D:2      | 1462 ||| FLEEEEING.
  1463 | D:2      | 1463 ||| FLEEEEING.
  1464 | D:2      | 1464 ||| FLEEEEING.
  1465 | D:2      | 1465 ||| FLEEEEING.
  1466 | D:2      | 1466 ||| FLEEEEING.
  1467 | D:2      | 1467 ||| FLEEEEING.
  1468 | D:2      | 1468 ||| FLEEEEING.
  1469 | D:2      | 1469 ||| FLEEEEING.
  1470 | D:2      | 1470 ||| FLEEEEING.
  1473 | D:2      | 1473 ||| FLEEEEING.
  1474 | D:2      | 1474 ||| FLEEEEING.
  1475 | D:2      | 1475 ||| FLEEEEING.
  1478 | D:2      | 1478 ||| FLEEEEING.
  1479 | D:2      | 1479 ||| FLEEEEING.
  1483 | D:2      | 1483 ||| FLEEEEING.
  1484 | D:2      | 1484 ||| FLEEEEING.
  1485 | D:2      | 1485 ||| FLEEEEING.
  1486 | D:2      | 1486 ||| FLEEEEING.
  1487 | D:2      | 1487 ||| FLEEEEING.
  1488 | D:2      | 1488 ||| FLEEEEING.
  1489 | D:2      | 1489 ||| FLEEEEING.
  1490 | D:2      | 1490 ||| FLEEEEING.
  1491 | D:2      | 1491 ||| FLEEEEING.
  1492 | D:2      | 1492 ||| FLEEEEING.
  1496 | D:2      | 1496 ||| FLEEEEING.
  1497 | D:2      | 1497 ||| FLEEEEING.
  1498 | D:2      | 1498 ||| FLEEEEING.
  1499 | D:2      | 1499 ||| FLEEEEING.
  1500 | D:2      | 1500 ||| FLEEEEING.
  1504 | D:2      | 1504 ||| FLEEEEING.
  1505 | D:2      | 1505 ||| FLEEEEING.
  1506 | D:2      | 1506 ||| FLEEEEING.
  1507 | D:2      | 1507 ||| FLEEEEING.
  1508 | D:2      | 1508 ||| FLEEEEING.
  1509 | D:2      | 1509 ||| FLEEEEING.
  1510 | D:2      | 1510 ||| FLEEEEING.
  1519 | D:2      | 1519 ||| FLEEEEING.
  1528 | D:2      | 1528 ||| FLEEEEING.
  1529 | D:2      | 1529 ||| FLEEEEING.
  1530 | D:2      | 1530 ||| FLEEEEING.
  1531 | D:2      | 1531 ||| FLEEEEING.
  1532 | D:2      | 1532 ||| FLEEEEING.
  1533 | D:2      | 1533 ||| FLEEEEING.
  1534 | D:2      | 1534 ||| FLEEEEING.
  1535 | D:2      | 1535 ||| FLEEEEING.
  1536 | D:2      | 1536 ||| FLEEEEING.
  1537 | D:2      | 1537 ||| FLEEEEING.
  1538 | D:2      | 1538 ||| FLEEEEING.
  1545 | D:2      | 1545 ||| STAIRDANCE
  1627 | D:1      | 1627 ||| DRINKING 2 white potions.
  1628 | D:1      | 1628 ||| READING 3 scrolls of identify.
  1628 | D:1      | 1628 ||| IDENTIFYING yellow potion
  1672 | D:2      | Found an iron altar of Okawaru.
  1734 | D:2      | 1734 ||| DROPPING +0 mace.
  2035 | D:2      | 2035 ||| DRINKING 2 bubbling puce potions.
  2068 | D:2      | 2068 ||| READING 3 scrolls of identify.
  2068 | D:2      | 2068 ||| IDENTIFYING sapphire potion
  2069 | D:2      | 2069 ||| DROPPING potion of degeneration.
  2070 | D:2      | 2070 ||| DROPPING potion of lignification.
  2127 | D:3      | Reached skill level 5 in Axes
  2373 | D:3      | Found Lopiar's Weapon Shop.
  2381 | D:3      | 2381 ||| BUYING +0 broad axe (44 gold).
  2381 | D:3      | Bought a +0 broad axe for 44 gold pieces
  2381 | D:3      | 2381 ||| SWAPPING to +0 broad axe.
  2382 | D:3      | 2382 ||| DROPPING +1 war axe.
  2427 | D:3      | 2427 ||| Stepping ~*~*~tactically~*~*~ (stealth).
  2430 | D:3      | 2430 ||| Stepping ~*~*~tactically~*~*~ (stealth).
  2457 | D:3      | 2457 ||| FLEEEEING.
  2458 | D:3      | 2458 ||| FLEEEEING.
  2459 | D:3      | 2459 ||| FLEEEEING.
  2461 | D:3      | 2461 ||| FLEEEEING.
  2462 | D:3      | 2462 ||| FLEEEEING.
  2462 | D:3      | HP: 5/31 [poisoned by a kobold]
  2463 | D:3      | 2463 ||| FLEEEEING.
  2464 | D:3      | 2464 ||| FLEEEEING.
  2464 | D:3      | HP: 1/31 [poisoned by a kobold]
  2465 | D:3      | 2465 ||| FLEEEEING.
  2465 | D:3      | Succumbed to a kobold's poison

Levels and vault maps discovered:
D:1:      dpeg_arrival_shrine, layout_loops_ring
D:2:      layout_loops_ring, basic_altar, minmay_misc_feat_diagonals,
          kennysheep_another_room
D:3:      layout_loops_cross, shapermc_ecumenical_altar_mp_urbaneastern,
          serial_shops, shop

Skill      XL: |  1  2  3 |
---------------+----------+-----
Axes           | 3 4 5 |  5.0
Fighting       | |  3.6
Armour         | |  3.6
Dodging        | |  0.8
Shields        | |  3.6

Action                   || total
-------------------------++-------
Melee: War axe           ||   108
       Headbutt          ||     9
       Broad axe         ||     5
  Use: Scroll            ||     8
       Potion            ||     2
Armor: Scale mail        ||    48
Dodge: Dodged            ||    50
Block: Buckler           ||    17

Table legend:
 A = Non-vault XP
 B = Vault XP
 C = Vault XP percentage of total XP
 D = Non-vault monster count
 E = Vault monster count
 F = Vault count percentage of total count
                 A         B        C        D         E       F
            +---------+---------+-------+---------+---------+-------
      Total |      89 |       0 |   0.0 |      43 |       0 |   0.0
            +---------+---------+-------+---------+---------+-------
        D:1 |      39 |       0 |   0.0 |      21 |       0 |   0.0
        D:2 |      34 |       0 |   0.0 |      14 |       0 |   0.0
        D:3 |      16 |       0 |   0.0 |       8 |       0 |   0.0
            +---------+---------+-------+---------+---------+-------
